 Dungeon Crawl Stone Soup version 0.23-a0-703-gdf2d5e0dd9 (webtiles) character file.

68 Brecoman the Covered (level 4, 0/37 HPs)
             Began as a Barachi Fighter on Jan 13, 2019.
             Succumbed to a kobold's poison
             ... on level 3 of the Dungeon.
             The game lasted 00:05:35 (1854 turns).

Brecoman the Covered (Barachi Fighter)              Turns: 1854, Time: 00:05:36

Health: 0/37       AC: 13    Str: 18    XL:     4   Next: 19%
Magic:  4/4        EV:  3    Int:  9    God:
Gold:   103        SH:  9    Dex: 11    Spells: 3/3 levels left

rFire    + . .     SeeInvis .   a - +0 long sword
rCold    . . .     Gourm    .   c - +0 shield
rNeg     . . .     Faith    .   q - +0 plate armour
rPois    .         Spirit   .   (no helmet)
rElec    .         Reflect  .   j - +0 cloak
rCorr    .         Harm     .   (no gloves)
MR       .....                  (no boots)
Stlth    ..........             (no amulet)
HPRegen  0.12/turn              g - ring of stealth
MPRegen  0.09/turn              l - ring of protection from fire

@: lethally poisoned (0 -> -11), slow
A: +LOS, swims, slowness 1, strong legs 1
a: Hop


You were on level 3 of the Dungeon.
You were hungry.

You visited 1 branch of the dungeon, and saw 3 of its levels.

You collected 103 gold pieces.

Inventory:

Hand Weapons
 a - a +0 long sword (weapon)
Missiles
 e - 57 stones (quivered)
Armour
 b - a +0 scale mail
 c - a +0 shield (worn)
 j - a +0 cloak (worn)
 q - a +0 plate armour (worn)
Jewellery
 g - a ring of stealth (left hand)
 l - a ring of protection from fire (right hand)
Scrolls
 h - a scroll of enchant armour {unknown}
 i - 3 scrolls of identify
 k - 2 scrolls of remove curse {unknown}
 m - a scroll of magic mapping {unknown}
 n - a scroll of noise {unknown}
 p - a scroll of fog {unknown}
Potions
 d - a potion of might
Comestibles
 f - 8 rations
 o - a chunk of flesh


   Skills:
 + Level 4.2 Fighting
 + Level 3.3 Long Blades
 + Level 4.3 Armour
 + Level 3.9 Shields


You had 3 spell levels left.
You didn't know any spells.
Your spell library was empty.

Dungeon Overview and Level Annotations

Branches:
Dungeon (3/15)

Altars:


Innate Abilities, Weirdness & Mutations

Shadows flee at your approach. (+LOS)
You can swim through water.
You cover ground slowly.
You can hop short distances.


Message History

The kobold hits you but does no damage.
You closely miss the kobold.
* * * LOW HITPOINT WARNING * * *
You feel sick. You block the kobold's attack.
Your plate armour prevents you from hitting the kobold.
* * * LOW HITPOINT WARNING * * *
You feel sick. You block the kobold's attack.
Okay, then.
* * * LOW HITPOINT WARNING * * *
You feel sick.
The kobold unwields a +0 short sword.
The kobold wields a +0 blowgun.
The kobold shoots a poisoned needle.
You block the poisoned needle.
Things that are here:
2 poisoned needles; a giant cockroach corpse
* * * LOW HITPOINT WARNING * * *
You feel sick.
The kobold shoots a poisoned needle.
The poisoned needle hits you.
You are more poisoned.
You see here a poisoned needle.
You die...

#.#####.# #.# .
#.# ###..
###.###..... #
#.........!.
#.###(.(..##.##.
#.............^.
##.....(..#...#.
#.##.(@........
#. #.(#........
# #..#........
#..K.......#
#..####....#
#..# #.#.# #..#
.... #..# #..
#..# ..


There were no monsters in sight!

Vanquished Creatures
  Terence (D:2)
  An adder (D:2)
  2 worms (D:2)
  2 dart slugs
  2 giant cockroaches
  A goblin (D:2)
  3 hobgoblins
  2 jackals (D:2)
  3 bats (D:2)
  2 frilled lizards
  3 kobolds
  8 rats
30 creatures vanquished.

Notes
Turn   | Place    | Note
-------+----------+-------------------------------------------
     0 | D:1      | Brecoman the Barachi Fighter began the quest for the Orb.
     0 | D:1      | Reached XP level 1. HP: 18/18 MP: 1/1
   816 | D:2      | Reached XP level 2. HP: 25/25 MP: 2/2
   998 | D:2      | Reached XP level 3. HP: 27/30 MP: 3/3
  1127 | D:2      | Found a faded altar of an unknown god.
  1280 | D:2      | Noticed Terence
  1303 | D:2      | Killed Terence
  1303 | D:2      | Reached XP level 4. HP: 20/37 MP: 4/4
  1853 | D:3      | HP: 1/37 [poisoned by a kobold]
  1854 | D:3      | Succumbed to a kobold's poison

Vault maps used:
D:1:      minmay_arrival_stair_chambers
D:2:      chequers_ecumenical_altar_simple, first_ration,
          kennysheep_nondescript, chequers_serial_rivers_large_b,
          hangedman_feature_mirror, uniq_terence
D:3:      cheibrodos_sewer_entry_bend

Skill      XL: |  1  2  3 |
---------------+----------+-----
Fighting       | 4 |  4.2
Armour         | 4 |  4.3
Long Blades    | 3 |  3.3
Shields        | |  3.9

Action                   |  1- 3 |  4- 6 || total
-------------------------+-------+-------++-------
Melee: Long sword        |    84 |    21 ||   105
  Use: Scroll            |     1 |     1 ||     2
  Eat: Chunk             |     2 |     1 ||     3
Armor: Scale mail        |    25 |       ||    25
       Plate armour      |    12 |    13 ||    25
Dodge: Dodged            |    17 |     3 ||    20
Block: Shield            |    35 |     7 ||    42
       Rpst.: Long sword |     4 |       ||     4

Table legend:
 A = Non-vault XP
 B = Vault XP
 C = Vault XP percentage of total XP
 D = Non-vault monster count
 E = Vault monster count
 F = Vault count percentage of total count
                 A         B        C        D         E       F
            +---------+---------+-------+---------+---------+-------
      Total |      66 |      32 |  32.7 |      29 |       1 |   3.3
            +---------+---------+-------+---------+---------+-------
        D:1 |       9 |       0 |   0.0 |       7 |       0 |   0.0
        D:2 |      50 |      32 |  39.0 |      19 |       1 |   5.0
        D:3 |       7 |       0 |   0.0 |       3 |       0 |   0.0
            +---------+---------+-------+---------+---------+-------
